Map: Oxide LE

Players

PiLiPiLi - Winner!

  • Race: Protoss Protoss
  • League: Grandmaster
  • Spawn Location: 1:00

Vindicta

  • Race: Terran Terran
  • League: Master
  • Spawn Location: 7:00

Event: DreamHack SC2 Masters 2020 Winter

VOD

Have the link to the VOD?

Description

Time

  • Played on: Oct. 30, 2020, 4:19 p.m.
  • Length: 7:03

All games in this series

Show
View Real Time Build Order
Export as new Build Order

PiLiPiLi Protoss - Winner!

Build Orders: 1 Gate Expand, Blink Stalkers 

Get SALT Encoding   

  12  0:00  Probe  
  13  0:12  Probe  
  14  0:17  Pylon  
  14  0:24  Probe (Chrono Boost)  
  15  0:37  Gateway, Probe (Chrono Boost)  
  16  0:44  Probe (Chrono Boost)  
  16  0:48  Assimilator  
  17  0:51  Probe  
  18  1:03  Probe  
  19  1:15  Probe  
  20  1:22  Nexus  
  20  1:32  Cybernetics Core  
  20  1:35  Probe  
  21  1:40  Assimilator  
  21  1:47  Probe  
  21  1:50  Pylon  
  22  1:59  Probe  
  23  2:05  Stalker (Chrono Boost)  
  23  2:09  Warp Gate  
  23  2:11  Probe  
  26  2:23  Probe  
  26  2:24  Shield Battery  
  26  2:28  Stalker (Chrono Boost)  
  28  2:35  Probe  
  29  2:37  Probe  
  30  2:47  Probe  
  30  2:48  Twilight Council  
  31  2:51  Probe  
  32  3:00  Probe  
  32  3:04  Probe  
  34  3:11  Stalker  
  34  3:12  Probe  
  37  3:18  Probe  
  37  3:19  Blink (Chrono Boost)  
  38  3:28  Robotics Facility  
  38  3:29  Gateway  
  38  3:30  Probe  
  38  3:32  Probe  
  40  3:40  Pylon  
  40  3:43  Probe  
  40  3:44  Probe  
  42  3:52  Gateway  
  42  3:55  Probe  
  43  3:56  Probe  
  43  4:01  Stalker  
  46  4:03  Assimilator  
  46  4:07  Probe  
  46  4:08  Probe  
  48  4:17  Observer (Chrono Boost)  
  48  4:19  Gateway  
  48  4:20  Gateway  
  49  4:24  Gateway  
  49  4:25  Gateway  
  49  4:30  Warp Prism (Chrono Boost)  
  49  4:35  Stalker  
  53  4:38  Probe  
  53  4:43  Pylon  
  53  4:45  Pylon  
  54  4:50  Pylon  
  54  5:02  Stalker x3  
  54  5:03  Shield Battery  
  60  5:08  Observer  
  58  5:18  Probe x2  
  60  5:21  Stalker x3  
  60  5:22  Stalker  
  60  5:25  Observer  
  60  5:27  Observer  
  69  5:34  Stalker x2  
  73  5:35  Stalker  
  75  5:44  Pylon  
  75  5:54  Stalker  
  76  5:57  Stalker  
  74  6:06  Stalker x4  
  74  6:13  Stalker  
  76  6:24  Stalker  
  70  6:27  Stalker  
  70  6:31  Zealot x4  
  74  6:41  Stalker  
  64  6:50  Stalker x2  
  64  6:52  Stalker  
  66  6:59  Stalker  
Show
View Real Time Build Order
Export as new Build Order

Vindicta Terran 

Build Orders: Reaper Expand 

Get SALT Encoding   

  12  0:00  SCV  
  13  0:12  SCV  
  14  0:18  Supply Depot  
  14  0:24  SCV  
  15  0:40  SCV  
  15  0:41  Barracks  
  16  0:44  Refinery  
  16  0:52  SCV  
  17  1:04  SCV  
  18  1:16  SCV  
  19  1:31  Orbital Command, Reaper  
  20  1:48  Command Center  
  20  1:52  Bunker  
  20  1:57  SCV  
  21  2:03  Supply Depot  
  21  2:06  Marine  
  22  2:09  SCV  
  23  2:19  Factory  
  23  2:24  SCV  
  23  2:25  Marine  
  25  2:36  SCV  
  26  2:37  Bunker  
  26  2:43  Refinery, Barracks Reactor  
  26  2:49  SCV  
  27  3:01  SCV, Orbital Command  
  27  3:06  Hellion  
  27  3:11  Starport  
  29  3:15  SCV  
  29  3:19  Marine  
  30  3:20  Marine  
  31  3:27  Supply Depot, SCV  
  31  3:29  Hellion  
  31  3:31  SCV  
  35  3:37  Marine  
  35  3:38  Marine  
  35  3:40  SCV  
  38  3:43  SCV  
  33  3:48  Medivac  
  39  3:51  Hellion  
  39  3:55  Marine, SCV  
  46  3:56  Marine  
  46  3:57  SCV  
  46  4:01  Barracks  
  47  4:04  Supply Depot  
  47  4:08  SCV  
  47  4:09  SCV  
  49  4:20  SCV  
  49  4:22  Barracks  
  49  4:23  Factory Tech Lab  
  50  4:24  Marine x2  
  50  4:25  Starport Tech Lab  
  50  4:26  SCV  
  50  4:31  Engineering Bay  
  53  4:32  Refinery  
  53  4:37  SCV  
  55  4:42  Marine  
  55  4:43  Raven  
  55  4:44  Siege Tank  
  61  4:47  Supply Depot  
  61  4:49  Barracks Tech Lab  
  61  4:51  SCV x2  
  62  4:59  Terran Infantry Weapons Level 1  
  62  5:09  Marine x2, SCV x2, Supply Depot  
  62  5:16  Stimpack  
  62  5:17  Marauder  
  62  5:20  Refinery  
  63  5:21  SCV x2  
  63  5:26  Siege Tank  
  67  5:30  Marine x2  
  71  5:38  Supply Depot  
  71  5:41  Barracks  
  71  5:42  Barracks  
  70  5:45  Starport Reactor  
  70  5:48  SCV x2  
  70  5:49  Marine x2  
  73  5:55  Marine, Marauder  
  76  6:00  Siege Tank  
  76  6:09  Marine  
  68  6:13  Medivac, Marauder  
  68  6:15  Marine  
  68  6:17  Marauder  
  60  6:26  Marine  
  60  6:31  Marine  
  55  6:33  Marine  
  55  6:34  Marine  
  55  6:35  Marauder  
  55  6:38  Marine  
  54  6:44  Marine  
Tags
 
Add a new tag
Caveats
  • Supply blocks, unpowered buildings, or Contaminate may cause inaccurate times.
  • Supply counts are checked every 10 seconds.